 Dungeon Crawl Stone Soup version 0.27-a0-668-gb5737ff2c0 (webtiles) character file.

Game seed: 1890105582853158038

137 robertstho the Covered (level 5, -1/32 HPs)
             Began as a Tengu Fighter on Mar 17, 2021.
             Slain by an ogre
             ... wielding a +0 giant spiked club
              (9 damage)
             ... on level 4 of the Dungeon.
             The game lasted 00:02:27 (2974 turns).

robertstho the Covered (Tengu Fighter)              Turns: 2974, Time: 00:02:28

Health: -1/32      AC:  9    Str: 16 (17) XL:     5   Next: 20%
Magic:  6/6        EV:  9    Int:  7 (9)  God:
Gold:   110        SH:  9    Dex: 13      Spells: 4/4 levels left

rFire    . . .     SeeInvis .   a - +0 war axe
rCold    . . .     Faith    .   c - +0 kite shield
rNeg     . . .     Spirit   .   b - +0 scale mail
rPois    .         Reflect  .   (helmet restricted)
rElec    .         Harm     .   e - +0 cloak
rCorr    .         Rampage  .   r - +0 pair of gloves
Will     .....                  (boots unavailable)
Stlth    ..........             k - amulet of the acrobat
HPRegen  0.10/turn              (no ring)
MPRegen  0.10/turn              (no ring)

@: flying quickly and evasively, quick
A: beak, talons 3, able to fly
a: Stop Flying


You were on level 4 of the Dungeon.
You visited 1 branch of the dungeon, and saw 4 of its levels.

You collected 110 gold pieces.

Inventory:

Hand Weapons
 a - a +0 war axe (weapon)
Armour
 b - a +0 scale mail (worn)
 c - a +0 kite shield (worn)
 e - a +0 cloak (worn)
 r - a +0 pair of gloves (worn)
Jewellery
 k - an amulet of the acrobat (around neck)
Scrolls
 f - 2 scrolls of immolation {unknown}
 g - a scroll of brand weapon {unknown}
 i - a scroll of acquirement {unknown}
 j - a scroll of fear {unknown}
 l - 2 scrolls of vulnerability {unknown}
 m - a scroll of torment {unknown}
 n - 2 scrolls of teleportation
 o - 2 scrolls of enchant weapon
 q - a scroll of magic mapping {unknown}
Potions
 d - a potion of attraction {unknown}
 h - a potion of degeneration
 p - 2 potions of resistance
 s - a potion of cancellation {unknown}


   Skills:
 * Level 3.4 Fighting
 + Level 3.1 Axes
 * Level 4.7 Armour
 + Level 2.0 Dodging
 + Level 3.3 Shields


You had 4 spell levels left.
You didn't know any spells.
Your spell library was empty.

Dungeon Overview and Level Annotations

Branches:
Dungeon (4/15)
 Temple: D:4-7

Altars:
Nemelex Xobeh
The Shining One


Innate Abilities, Weirdness & Mutations

You have a beak for a mouth.
You have claws for feet.
You can fly continuously.


Message History

The worm is lightly wounded.
The worm bites you.
You hit the worm. You claw the worm.
The worm is heavily wounded.
The worm closely misses you.
You slash the worm!
You kill the worm!
No target in view!
No target in view!
HP restored.
You see here 15 poisoned darts.
f - 2 scrolls labelled LADOER FIERPH (gained 1)
s - a sedimented green potion
Found a stone staircase leading down.
You now have 110 gold pieces (gained 3).
An ogre comes into view. It is wielding a +0 giant spiked club.
The ogre shouts!
An ogre is nearby!
An ogre is nearby!
An ogre is nearby!
A worker ant comes into view.
The ogre hits you with a +0 giant spiked club.
There is a stone staircase leading down here.
You hit the ogre. You claw the ogre!
The ogre is heavily wounded.
The ogre barely misses you. The worker ant completely misses you.
The ogre closely misses you.
You slash the ogre! You claw the ogre.
The ogre is almost dead.
You closely miss the worker ant. The worker ant bites you.
The ogre barely misses you. The worker ant closely misses you.
You barely miss the ogre. Your peck misses the ogre.
The ogre is almost dead.
You hit the worker ant but do no damage.
The ogre hits you with a +0 giant spiked club!
Ouch! That really hurt!
The worker ant bites you.
* * * LOW HITPOINT WARNING * * *
The ogre hits you with a +0 giant spiked club!
You die...

##########
#........#
########
#.######.#
#......# #.# #.#
#......# #.# #.#
#......# #.# #.#
#......# #.# #.#
##....OB######.#
#.#
.......@.......#
#.#
##......########
#.# ######## #.#
#.# #########.#
#......##.#
######.####.##.#
#............(.#
#.###.#####.####


You could see an ogre and a worker ant.

Vanquished Creatures
  An orc wizard (D:2)
  5 adders
  An ooze (D:3)
  2 worms
  A dart slug (D:1)
  4 orcs
  2 giant cockroaches
  9 goblins
  6 hobgoblins
  2 jackals (D:1)
  4 kobolds
  A quokka (D:1)
  2 ball pythons
  5 bats
  A frilled lizard (D:3)
  6 rats
52 creatures vanquished.

Notes
Turn   | Place    | Note
-------+----------+-------------------------------------------
     0 | D:1      | robertstho the Tengu Fighter began the quest for the Orb.
     0 | D:1      | Reached XP level 1. HP: 14/14 MP: 2/2
    94 | D:1      | Reached XP level 2. HP: 18/19 MP: 3/3
   547 | D:1      | Found a sparkling altar of Nemelex Xobeh.
   765 | D:1      | Reached XP level 3. HP: 21/23 MP: 4/4
   897 | D:2      | Reached skill level 4 in Armour
  1040 | D:2      | Found a glowing golden altar of the Shining One.
  1859 | D:2      | Reached XP level 4. HP: 24/28 MP: 5/5
  1860 | D:2      | Reached skill level 1 in Dodging
  2100 | D:3      | Gained mutation: You can fly continuously. [Tengu growth]
  2100 | D:3      | Reached XP level 5. HP: 14/32 MP: 6/6
  2969 | D:4      | Noticed an ogre
  2974 | D:4      | Slain by an ogre

Illustrated notes

Levels and vault maps discovered:
D:1:      dpeg_arrival_rhombus, layout_rooms, grunt_decor_clamped,
          nemelex_diamond_rough_becter
D:2:      layout_loops_corners, nicolae_tso_carved_into_rock
D:3:      layout_loops_ring
D:4:      layout_basic, uniq_edmund

Skill      XL: |  1  2  3  4 |
---------------+-------------+-----
Armour         | 4 |  4.7
Dodging        | 2 |  2.0
Axes           | 3 |  3.1
Fighting       | |  3.4
Shields        | |  3.3

Action                   |  1- 3 |  4- 6 || total
-------------------------+-------+-------++-------
Melee: War axe           |    71 |    34 ||   105
       Kick              |    18 |    11 ||    29
       Peck              |     7 |     1 ||     8
 Abil: Fly               |       |     1 ||     1
  Use: Potion            |     3 |       ||     3
       Scroll            |       |     3 ||     3
Armor: Scale mail        |    56 |    15 ||    71
Dodge: Dodged            |    25 |    25 ||    50
Block: Kite shield       |    41 |    20 ||    61

Table legend: (Time is in decaauts)
 A = Elapsed time spent in this place.
 B = Non-inter-level travel time spent in this place.
 C = Inter-level travel time spent in this place.
 D = Time resting spent in this place.
 E = Time spent auto-exploring this place.
 F = Levels seen in this place.
 G = Mean time per level.
                   A        B        C        D        E       F      G
               +--------+--------+--------+--------+--------+-----+--------+
         Total |   2976 |   2884 |     92 |      0 |   2527 |   4 |  744.0 |
       Dungeon |   2976 |   2884 |     92 |      0 |   2527 |   4 |  744.0 |
               +--------+--------+--------+--------+--------+-----+--------+

Top non-repeatable levels by time:
     D:2: 1166 daAuts
     D:1: 918 daAuts
     D:3: 774 daAuts
     D:4: 117 daAuts
